AoeStats
← CuongDaLat

Arabia

507968970Analyzed
2v2 RM · 12d ago on Sep 20, 2026· 54m 3s· 4 players
Game mode
Random Map
Map size
Medium (4 player)
Population
200
Speed
Normal
Resources
Standard
Victory
Conquest
Starting age
Dark Age
Ending age
Imperial Age
RankedLock teamsTeams togetherTeam positionsShared explorationLock speedFull tech treeHidden civsTurbo modeCheats
Victory
Defeat
🇧🇪 Vikings · Belgium
1360
+16
🇧🇪 Poles · Belgium
1337
+17
🇹🇷 Lithuanians · Türkiye
1386
-17
🇻🇳 Franks · Vietnam
1350
-16
CuongDaLat
8:15 Loom
10:31 Feudal Age
11:09 Double-Bit Axe
17:08 Scale Barding Armor
18:46 Wheelbarrow
23:27 Castle Age
24:29 Chain Barding Armor
24:24 Bow Saw
26:43 Forging
31:52 Husbandry
33:52 Gold Mining
34:39 Iron Casting
39:27 Imperial Age
40:46 Plate Barding Armor
39:38 Cavalier
43:02 Paladin
44:56 Light Cavalry
ZeZe
6:09 Loom
9:16 Feudal Age
9:42 Double-Bit Axe
12:50 Wheelbarrow
13:11 Fletching
14:13 Padded Archer Armor
21:48 Castle Age
23:00 Bodkin Arrow
24:08 Elite Skirmisher
28:13 Bow Saw
30:13 Ballistics
32:27 Leather Archer Armor
33:21 Leather Archer Armor
34:02 Bloodlines
38:05 Imperial Age
35:52 Husbandry
36:02 Scale Barding Armor
37:10 Chain Barding Armor
38:20 Forging
39:33 Plate Barding Armor
38:23 Cavalier
40:27 Masonry
43:12 Iron Casting
44:46 Tower Shields
45:13 Bracer
46:36 Ring Archer Armor
47:10 Horse Collar
49:21 Chemistry
[Argus] Nonkel Pipetios
6:38 Loom
9:17 Feudal Age
12:39 Fletching
17:41 Padded Archer Armor
22:36 Castle Age
20:33 Horse Collar
22:47 Gold Mining
22:39 Crossbowman
23:29 Double-Bit Axe
23:57 Bodkin Arrow
24:14 Town Watch
25:44 Bow Saw
27:48 Town Patrol
27:57 Stone Mining
29:48 Heavy Plow
30:21 Ballistics
33:34 Gold Shaft Mining
36:23 Imperial Age
34:22 Atonement
37:08 Bracer
38:10 Chemistry
36:32 Arbalester
39:25 Two-Man Saw
38:59 Elite Skirmisher
40:14 Leather Archer Armor
40:37 Scale Mail Armor
40:48 Forging
41:43 Ring Archer Armor
41:35 Bogsveigar
43:10 Murder Holes
43:26 Fortified Wall
43:38 Chain Mail Armor
43:58 Iron Casting
46:12 Plate Mail Armor
47:10 Crop Rotation
53:57 Chieftains
54:12 Gambesons
53:47 Man-at-Arms
54:29 Squires
Tante Lien
6:32 Loom
9:17 Feudal Age
9:49 Double-Bit Axe
16:48 Forging
17:39 Wheelbarrow
16:49 Town Watch
20:59 Scale Barding Armor
24:09 Castle Age
23:20 Bloodlines
23:27 Horse Collar
25:10 Bow Saw
25:29 Chain Barding Armor
24:31 Light Cavalry
25:33 Heavy Plow
24:59 Pikeman
27:30 Hand Cart
27:48 Gold Mining
30:45 Town Patrol
34:08 Iron Casting
40:52 Imperial Age
38:58 Stone Mining
40:17 Fletching
40:51 Ballistics
41:08 Bodkin Arrow
41:17 Husbandry
41:16 Cavalier
43:23 Blast Furnace
43:27 Szlachta Privileges
43:29 Bracer
44:09 Stone Shaft Mining
45:05 Squires
44:50 Arson
48:41 Crop Rotation
Connection lost

Rejoining the realm…

Still unreachable

The connection could not be restored.

Session expired

The server has moved on; the page needs a fresh start.